AoeStats
← Jean Veljean

Arabia

510833624Analyzed
1v1 RM · 11h ago on Oct 2, 2026· 68m 41s· 2 players
Game mode
Random Map
Map size
Tiny (2 player)
Population
200
Speed
Normal
Resources
Standard
Victory
Conquest
Starting age
Dark Age
Ending age
Imperial Age
RankedLock teamsTeams togetherTeam positionsShared explorationLock speedFull tech treeHidden civsTurbo modeCheats
Victory
Defeat
🇩🇪 Byzantines · Germany
1066
+17
🇹🇷 Bulgarians · Türkiye
1083
-17
TA388959
7:47 Loom
11:12 Feudal Age
12:01 Double-Bit Axe
12:47 Horse Collar
17:21 Fletching
25:46 Castle Age
24:21 Padded Archer Armor
24:31 Forging
25:34 Stone Mining
25:34 Gold Mining
27:18 Crossbowman
27:21 Elite Skirmisher
28:00 Bodkin Arrow
29:02 Redemption
29:50 Bow Saw
31:54 Heavy Plow
33:16 Wheelbarrow
33:41 Sanctity
38:14 Imperial Age
38:56 Imperial Age
36:46 Husbandry
36:58 Scale Barding Armor
37:30 Iron Casting
37:15 Atonement
37:32 Fervor
38:25 Chain Barding Armor
39:20 Gold Shaft Mining
41:52 Elite Cataphract
46:52 Plate Barding Armor
46:08 Light Cavalry
53:12 Two-Man Saw
56:17 Chemistry
62:18 Thumb Ring
61:33 Crossbowman
63:06 Crop Rotation
64:14 Hand Cart
65:49 Coinage
67:31 Bracer
69:08 Stone Shaft Mining
Jean Veljean
6:24 Loom
9:35 Feudal Age
18:31 Fletching
20:16 Double-Bit Axe
22:59 Castle Age
23:04 Scale Barding Armor
23:34 Bloodlines
29:15 Gold Mining
35:00 Imperial Age
32:31 Stone Mining
34:07 Chain Barding Armor
34:20 Bow Saw
34:41 Forging
37:42 Gold Shaft Mining
37:48 Husbandry
47:01 Cavalier
58:34 Pikeman
64:52 Wheelbarrow
65:35 Halberdier
Connection lost

Rejoining the realm…

Still unreachable

The connection could not be restored.

Session expired

The server has moved on; the page needs a fresh start.